 Dungeon Crawl Stone Soup version 0.31-a0-1388-g4b2ba238e7 (webtiles) character file.

Game seed: 14082982726953682697

56 grandjackal the Slasher (level 3, -1/29 HPs)
             Began as a Demonspawn Gladiator on Dec 24, 2023.
             Succumbed to a gnoll's poison
             ... on level 2 of the Dungeon.
             The game lasted 00:01:33 (1204 turns).

grandjackal the Slasher (Demonspawn Gladiator)      Turns: 1204, Time: 00:01:33

Health: -1/29      AC:  5    Str: 17    XL:     3   Next: 71%
Magic:  3/3        EV: 13    Int:  6    God:
Gold:   94         SH:  0    Dex: 19    Spells: 2/2 levels left

rFire   . . .        a - +0 long sword
rCold   . . .        (no shield)
rNeg    . . .        b - +0 leather armour
rPois   .            c - +0 helmet
rElec   .            (no cloak)
rCorr   .            h - +0 pair of gloves
SInv    .            (no boots)
Will    .....        (no amulet)
Stlth   +            (no ring)
HPRegen 0.24/turn    (no ring)
MPRegen 0.08/turn

%: no passive effects
@: lethally poisoned (-1 -> -15)
A: spiny 1, agile 1, screaming 1, strong 1, subdued magic 1
a: no special abilities


You were on level 2 of the Dungeon.
You visited 1 branch of the dungeon, and saw 2 of its levels.

You collected 94 gold pieces.

Inventory:

Hand Weapons
 a - a +0 long sword (weapon)
Missiles
 d - 2 throwing nets (quivered)
 e - a javelin
Armour
 b - a +0 leather armour (worn)
 c - a +0 helmet (worn)
 h - a +0 pair of gloves (worn)
Jewellery
 k - an amulet of magic regeneration
Scrolls
 g - a scroll of identify {unknown}
 l - 2 scrolls of teleportation {unknown}
Potions
 f - a potion of mutation
 i - a potion of haste {unknown}
 j - a potion of degeneration {unknown}
 m - a potion of cancellation {unknown}
 n - 4 potions of heal wounds {unknown}
 o - a potion of curing {unknown}


   Skills:
 + Level 3.0 Fighting
 + Level 3.3 Long Blades
 - Level 2.0 Throwing
 - Level 3.0 Dodging


You had 2 spell levels left.
You didn't know any spells.
Your spell library was empty.

Dungeon Overview and Level Annotations

Branches:
Dungeon (2/15)

Altars:

Shops:
D:2 (


Innate Abilities, Weirdness & Mutations

You are partially covered in sharp spines.
You are agile. (Dex +4, Str/Int -1)
You occasionally shout uncontrollably at your foes.
Your muscles are strong. (Str +4, Int/Dex -1)
Your spells are a little easier to cast, but a little less powerful.


Message History

The jackal is struck by your spines. The jackal barely misses you.
The gnoll hits you from afar with a +2 spear of venom.
You are poisoned.
You hit the jackal.
The jackal is moderately wounded.
You feel very sick.
The jackal bites you but does no damage.
The gnoll closely misses you.
You barely miss the jackal.
The jackal is moderately wounded.
You feel sick. The jackal is struck by your spines.
The jackal bites you but does no damage.
The jackal completely misses you.
The gnoll hits you from afar with a +2 spear of venom.
You are lethally poisoned!
You hit the jackal.
You kill the jackal!
* * * LOW HITPOINT WARNING * * *
You feel very sick. The gnoll barely misses you.
Your Fighting skill increases to level 3!
Found a leather armour.
* * * LOW HITPOINT WARNING * * *
You feel very sick. The gnoll hits you but does no damage.
You are more poisoned.
There is an open door here.
Okay, then.
Throw: 3 throwing nets
Press: ? - help, Q - select action, (/) - cycle Shift-Dir - straight line, f - gnoll
Aim: a gnoll, wielding a +2 spear of venom (63% to hit)
You throw a throwing net. The throwing net hits the gnoll.
The gnoll is caught in the net!
* * * LOW HITPOINT WARNING * * *
You feel very sick.
The gnoll struggles against the net.
It was a potion of mutation.
You feel extremely strange.
You feel agile.
You feel the urge to shout.
Your connection to magic feels subdued.
You feel stronger.
You die...

#### ###..#
#[#..#####
#+#'#P.....#
#..g@...##.#
#...#P.###.#
#...#..# #.#
#####..# #.#
#### #.# #.#
#.## ##
###..#
.#####
##.##.#


You could see a gnoll (caught).

Vanquished Creatures
  2 adders (D:2)
  4 dart slugs
  A ball python (D:2)
  2 bats (D:1)
  An endoplasm (D:2)
  2 goblins (D:1)
  A hobgoblin (D:1)
  5 jackals
  7 kobolds
  A quokka (D:1)
  A frilled lizard (D:1)
  A rat (D:1)
28 creatures vanquished.

Notes
Turn   | Place    | Note
-------+----------+-------------------------------------------
     0 | D:1      | grandjackal the Demonspawn Gladiator began the quest for
                  | the Orb.
     0 | D:1      | Reached XP level 1. HP: 16/16 MP: 1/1
   212 | D:1      | Gained mutation: You are partially covered in sharp spines.
                  | [demonic ancestry]
   212 | D:1      | Reached XP level 2. HP: 11/22 MP: 2/2
   699 | D:1      | Found a faded altar of an unknown god.
   874 | D:2      | Found Dahok's Antique Weapon Emporium.
   914 | D:2      | Reached XP level 3. HP: 28/28 MP: 3/3
  1204 | D:2      | Gained mutation: You are agile. (Dex +4, Str/Int -1)
                  | [potion of mutation]
  1204 | D:2      | Gained mutation: You occasionally shout uncontrollably at
                  | your foes. [potion of mutation]
  1204 | D:2      | Gained mutation: Your spells are a little easier to cast,
                  | but a little less powerful. [potion of mutation]
  1204 | D:2      | Gained mutation: Your muscles are strong. (Str +4, Int/Dex
                  | -1) [potion of mutation]
  1204 | D:2      | Succumbed to a gnoll's poison

Illustrated notes

Levels and vault maps discovered:
D:1:      dpeg_arrival_solitude, layout_basic,
          dilly_ecumenical_altar_fadedgnrine, minmay_misc_feat_secret_circle
D:2:      layout_loops_corners, basic_altar, serial_shops, shop,
          cheibrodos_gnoll_hut

Skill      XL: |  1  2  3 |
---------------+----------+-----
Throwing       | 2 |  2.0
Dodging        | 3 |  3.0
Long Blades    | 3 |  3.3
Fighting       | 3 |  3.0

Action                     || total
---------------------------++-------
  Melee: Long sword        ||    57
  Throw: Throwing net      ||     1
    Use: Potion            ||     1
   Stab: Sleeping          ||     2
 Armour: Leather armour    ||    30
  Dodge: Dodged            ||    42

Table legend: (Time is in decaauts)
 A = Elapsed time spent in this place.
 B = Non-inter-level travel time spent in this place.
 C = Inter-level travel time spent in this place.
 D = Time resting spent in this place.
 E = Time spent auto-exploring this place.
 F = Levels seen in this place.
 G = Mean time per level.
                   A        B        C        D        E       F      G
               +--------+--------+--------+--------+--------+-----+--------+
         Total |   1217 |   1196 |     21 |     42 |    985 |   2 |  608.5 |
       Dungeon |   1217 |   1196 |     21 |     42 |    985 |   2 |  608.5 |
               +--------+--------+--------+--------+--------+-----+--------+

Top non-repeatable levels by time:
     D:1: 823 daAuts
     D:2: 394 daAuts
